SA
PUT-IN-BAY BC @ MT. VERNON BULLS
07/09/2025
 
TOP OF THE 1ST
Put-In-Bay BC batting - Pitching for Mt. Vernon Bulls : RHP Adam Vaillancourt
Pitching: RHP Adam Vaillancourt
Batting: LHB Tural Bishara 0-0: Bunt for hit - play at first, batter safe!
Batting: RHB Angus Watts 0-0: Called Strike
Tural Bishara steals 2nd base
0-1: Ground out 5-3 (Groundball, 5)
Batting: RHB Steve Koch 0-0: Ball
1-0: SINGLE (Line Drive, 4D)
Tural Bishara to third
Runner from 3rd tries for Home, SAFE, no throw
Batting: SHB Francisco Pérez 0-0: Ball
1-0: Ball
2-0: Called Strike
2-1: Swinging Strike
2-2: Ball
3-2: Foul Ball, location: 2F
3-2: Fly out, F6 (Popup, 6)
Batting: RHB David Barrón 0-0: Called Strike
0-1: Foul Ball, location: 2F
0-2: Foul Ball, location: 2F
0-2: Ball
1-2: Ball
2-2: Fielders Choice at 2nd, 5-4 (Groundball, 56)
Top of the 1st over - 1 run(s), 2 hit(s), 0 error(s), 0 left on base; Put-In-Bay 1 - Mt. Vernon 0
BOTTOM OF THE 1ST
Mt. Vernon Bulls batting - Pitching for Put-In-Bay BC : RHP Gabriel Reyes
Pitching: RHP Gabriel Reyes
Batting: RHB Noël Sassetti 0-0: Ball
1-0: Ball
2-0: Called Strike
2-1: Foul Ball, location: 2F
2-2: Strikes out swinging
Batting: SHB Marvin Fitton 0-0: Swinging Strike
0-1: Ball
1-1: Ball
2-1: Ball
3-1: Called Strike
3-2: SINGLE (Line Drive, 6MD)
Batting: LHB Alex Reid 0-0: Called Strike
Marvin Fitton steals 2nd base
0-1: Foul Ball, location: 2F
0-2: Ball
1-2: Ball
2-2: Ball
3-2: Foul Ball, location: 2F
3-2: Ground out 3-1 (Groundball, 34)
Marvin Fitton to third
Batting: RHB Rafael López 0-0: Ball
1-0: Fly out, F2 (Popup, 2R)
Bottom of the 1st over - 0 run(s), 1 hit(s), 0 error(s), 1 left on base; Put-In-Bay 1 - Mt. Vernon 0
TOP OF THE 2ND
Put-In-Bay BC batting - Pitching for Mt. Vernon Bulls : RHP Adam Vaillancourt
Batting: RHB Lou Lumsden 0-0: Fly out, F6 (Popup, 6D)
Batting: SHB Rusty Justice 0-0: Called Strike
0-1: Ball
1-1: Foul Ball, location: 2F
1-2: Strikes out swinging
Batting: RHB Manuel Rosales 0-0: Ball
1-0: DOUBLE (Line Drive, 78XD)
Batting: SHB Raul Cate 0-0: Ball
1-0: Foul Ball, location: 2F
1-1: Ground out 4-3 (Groundball, 34D)
Top of the 2nd over - 0 run(s), 1 hit(s), 0 error(s), 1 left on base; Put-In-Bay 1 - Mt. Vernon 0
BOTTOM OF THE 2ND
Mt. Vernon Bulls batting - Pitching for Put-In-Bay BC : RHP Gabriel Reyes
Batting: RHB Manny Álvarez 0-0: Called Strike
0-1: Ground out 6-3 (Groundball, 6MD)
Batting: RHB Ken Gardner 0-0: Ball
1-0: Foul Ball, location: 2F
1-1: Foul Ball, location: 2F
1-2: Foul Ball, location: 2F
1-2: Ground out 6-3 (Groundball, 6)
Batting: SHB José Macías 0-0: Called Strike
0-1: Called Strike
0-2: Ground out U3 (Groundball, 3)
Bottom of the 2nd over - 0 run(s), 0 hit(s), 0 error(s), 0 left on base; Put-In-Bay 1 - Mt. Vernon 0
TOP OF THE 3RD
Put-In-Bay BC batting - Pitching for Mt. Vernon Bulls : RHP Adam Vaillancourt
Batting: LHB Tural Bishara 0-0: Foul Ball, location: 2F
0-1: Called Strike
0-2: Ball
1-2: Ball
2-2: Ball
3-2: Base on Balls
Batting: RHB Angus Watts 0-0: SINGLE (Line Drive, 9LS)
Tural Bishara to second
Batting: RHB Steve Koch 0-0: Ball
1-0: Foul Ball, location: 2F
1-1: Swinging Strike
1-2: Ball
2-2: Fly out, F7 (Flyball, 78M)
Batting: SHB Francisco Pérez 0-0: Ball
1-0: Ball
2-0: Ball
3-0: Base on Balls
Tural Bishara to third
Angus Watts to second
Batting: RHB David Barrón 0-0: Ball
1-0: Swinging Strike
1-1: Fly out, F9 (Flyball, 9S)
Batting: RHB Lou Lumsden 0-0: Called Strike
0-1: Reached on error, E6 (Groundball, 6)
Tural Bishara scores
Angus Watts to third
Francisco Pérez to second
Batting: SHB Rusty Justice 0-0: Called Strike
0-1: Ball
1-1: Fly out, F8 (Flyball, 8LD)
Top of the 3rd over - 1 run(s), 1 hit(s), 1 error(s), 3 left on base; Put-In-Bay 2 - Mt. Vernon 0
BOTTOM OF THE 3RD
Mt. Vernon Bulls batting - Pitching for Put-In-Bay BC : RHP Gabriel Reyes
Batting: RHB Louis Litt 0-0: Swinging Strike
0-1: Fly out, F6 (Line Drive, 6)
Batting: RHB Ryan Robbins 0-0: Ground out 6-3 (Groundball, 6)
Batting: RHB Noël Sassetti 0-0: Ball
1-0: Called Strike
1-1: Swinging Strike
1-2: Strikes out swinging
Bottom of the 3rd over - 0 run(s), 0 hit(s), 0 error(s), 0 left on base; Put-In-Bay 2 - Mt. Vernon 0
TOP OF THE 4TH
Put-In-Bay BC batting - Pitching for Mt. Vernon Bulls : RHP Adam Vaillancourt
Batting: RHB Manuel Rosales 0-0: Called Strike
0-1: Swinging Strike
0-2: Ball
1-2: Strikes out swinging
Batting: SHB Raul Cate 0-0: Called Strike
0-1: SINGLE (Flyball, 8LS) - OUT at second base trying to stretch hit.
Batting: LHB Tural Bishara 0-0: Fly out, F8 (Line Drive, 8LS)
Top of the 4th over - 0 run(s), 1 hit(s), 0 error(s), 0 left on base; Put-In-Bay 2 - Mt. Vernon 0
BOTTOM OF THE 4TH
Mt. Vernon Bulls batting - Pitching for Put-In-Bay BC : RHP Gabriel Reyes
Batting: SHB Marvin Fitton 0-0: Ball
1-0: Ball
2-0: Called Strike
2-1: Fly out, F7 (Flyball, 7LS)
Batting: LHB Alex Reid 0-0: Fly out, F8 (Flyball, 78M)
Batting: RHB Rafael López 0-0: Called Strike
0-1: Swinging Strike
0-2: Foul Ball, location: 2F
0-2: Ball
1-2: Strikes out swinging
Bottom of the 4th over - 0 run(s), 0 hit(s), 0 error(s), 0 left on base; Put-In-Bay 2 - Mt. Vernon 0
TOP OF THE 5TH
Put-In-Bay BC batting - Pitching for Mt. Vernon Bulls : RHP Adam Vaillancourt
Batting: RHB Angus Watts 0-0: Swinging Strike
0-1: Foul Ball, location: 2F
0-2: Ground out 4-3 (Groundball, 4)
Batting: RHB Steve Koch 0-0: Fly out, F9 (Flyball, 9)
Batting: SHB Francisco Pérez 0-0: Called Strike
0-1: Swinging Strike
0-2: Ball
1-2: Foul Ball, location: 2F
1-2: Ball
2-2: Ball
3-2: Foul Ball, location: 2F
3-2: SINGLE (Line Drive, 8LS)
Batting: RHB David Barrón 0-0: Called Strike
0-1: Ball
1-1: DOUBLE (Groundball, 5L)
Francisco Pérez to third
Runner from 3rd tries for Home, SAFE, no throw
Batting: RHB Lou Lumsden 0-0: Swinging Strike
0-1: Ball
1-1: Ball
2-1: Swinging Strike
2-2: Strikes out swinging
Top of the 5th over - 1 run(s), 2 hit(s), 0 error(s), 1 left on base; Put-In-Bay 3 - Mt. Vernon 0
BOTTOM OF THE 5TH
Mt. Vernon Bulls batting - Pitching for Put-In-Bay BC : RHP Gabriel Reyes
Batting: RHB Manny Álvarez 0-0: Called Strike
0-1: Foul Ball, location: 2F
0-2: Strikes out looking
Batting: RHB Ken Gardner 0-0: Foul Ball, location: 2F
0-1: Ball
1-1: Swinging Strike
1-2: SINGLE (Groundball, 6D)
Batting: SHB José Macías 0-0: Foul Ball, location: 2F
0-1: Ball
1-1: SINGLE (Groundball, 3D)
Ken Gardner to second
Runner from 2nd tries for 3rd, OUT!
José Macías to second
Batting: RHB Louis Litt 0-0: Ground out 1-3 (Groundball, 13)
Bottom of the 5th over - 0 run(s), 2 hit(s), 0 error(s), 1 left on base; Put-In-Bay 3 - Mt. Vernon 0
TOP OF THE 6TH
Put-In-Bay BC batting - Pitching for Mt. Vernon Bulls : RHP Adam Vaillancourt
Batting: SHB Rusty Justice 0-0: Called Strike
0-1: Ball
1-1: Called Strike
1-2: Strikes out swinging
Batting: RHB Manuel Rosales 0-0: Called Strike
0-1: Called Strike
0-2: Strikes out looking
Batting: SHB Raul Cate 0-0: Ball
1-0: Called Strike
1-1: Called Strike
1-2: Strikes out swinging
Top of the 6th over - 0 run(s), 0 hit(s), 0 error(s), 0 left on base; Put-In-Bay 3 - Mt. Vernon 0
BOTTOM OF THE 6TH
Mt. Vernon Bulls batting - Pitching for Put-In-Bay BC : RHP Gabriel Reyes
Batting: RHB Ryan Robbins 0-0: Ball
1-0: Called Strike
1-1: Fly out, F7 (Flyball, 7)
Batting: RHB Noël Sassetti 0-0: Called Strike
0-1: Called Strike
0-2: Fly out, F6 (Line Drive, 6)
Batting: SHB Marvin Fitton 0-0: Swinging Strike
0-1: Ball
1-1: Foul Ball, location: 2F
1-2: Strikes out looking
Bottom of the 6th over - 0 run(s), 0 hit(s), 0 error(s), 0 left on base; Put-In-Bay 3 - Mt. Vernon 0
TOP OF THE 7TH
Put-In-Bay BC batting - Pitching for Mt. Vernon Bulls : RHP Adam Vaillancourt
Batting: LHB Tural Bishara 0-0: Called Strike
0-1: Fly out, F7 (Flyball, 7S)
Batting: RHB Angus Watts 0-0: Ball
1-0: Foul Ball, location: 2F
1-1: Ball
2-1: Ball
3-1: Base on Balls
Pitching: LHP Gerard McCall
Batting: RHB Steve Koch 0-0: Called Strike
0-1: Ball
1-1: Ball
2-1: Swinging Strike
2-2: Foul Ball, location: 2F
2-2: Ball
3-2: Strikes out swinging
Batting: SHB Francisco Pérez 0-0: Ball
1-0: Foul Ball, location: 2F
Pickoff Throw to First - Out!
Top of the 7th over - 0 run(s), 0 hit(s), 0 error(s), 0 left on base; Put-In-Bay 3 - Mt. Vernon 0
BOTTOM OF THE 7TH
Mt. Vernon Bulls batting - Pitching for Put-In-Bay BC : RHP Gabriel Reyes
Batting: LHB Alex Reid 0-0: Ball
1-0: Ball
2-0: Ball
3-0: Base on Balls
Batting: RHB Rafael López 0-0: Fly out, F7 (Flyball, 78S)
Batting: RHB Manny Álvarez 0-0: Fly out, F9 (Flyball, 9LM)
Batting: RHB Ken Gardner 0-0: Called Strike
0-1: Ball
1-1: Swinging Strike
1-2: Foul Ball, location: 2F
1-2: Strikes out looking
Bottom of the 7th over - 0 run(s), 0 hit(s), 0 error(s), 1 left on base; Put-In-Bay 3 - Mt. Vernon 0
TOP OF THE 8TH
Put-In-Bay BC batting - Pitching for Mt. Vernon Bulls : LHP Gerard McCall
Batting: SHB Francisco Pérez 0-0: Swinging Strike
0-1: Ball
1-1: SINGLE (Line Drive, 34D)
Batting: RHB David Barrón 0-0: Ball
Francisco Pérez is caught stealing 2nd base
1-0: Swinging Strike
1-1: Called Strike
1-2: Fly out, F8 (Flyball, 8RM)
Batting: RHB Lou Lumsden 0-0: Ball
1-0: Swinging Strike
1-1: Foul Ball, location: 2F
1-2: SINGLE (Line Drive, 34D)
Batting: SHB Rusty Justice 0-0: Ball
1-0: Ball
2-0: Foul Ball, location: 2F
2-1: Swinging Strike
2-2: Strikes out swinging
Top of the 8th over - 0 run(s), 2 hit(s), 0 error(s), 1 left on base; Put-In-Bay 3 - Mt. Vernon 0
BOTTOM OF THE 8TH
Mt. Vernon Bulls batting - Pitching for Put-In-Bay BC : RHP Gabriel Reyes
Batting: SHB José Macías 0-0: SINGLE (Groundball, 6D)
Batting: RHB Louis Litt 0-0: Fly out, F6 (Popup, 6)
Batting: RHB Ryan Robbins 0-0: Swinging Strike
0-1: Ball
1-1: Called Strike
1-2: Grounds into double play, 5-4-3 (Groundball, 56)
Bottom of the 8th over - 0 run(s), 1 hit(s), 0 error(s), 0 left on base; Put-In-Bay 3 - Mt. Vernon 0
TOP OF THE 9TH
Put-In-Bay BC batting - Pitching for Mt. Vernon Bulls : LHP Gerard McCall
Pitching: RHP Mark Goldwire
Batting: RHB Manuel Rosales 0-0: Called Strike
0-1: Ball
1-1: Ball
2-1: Ball
3-1: Foul Ball, location: 2F
3-2: Foul Ball, location: 2F
3-2: Strikes out swinging
Batting: SHB Raul Cate 0-0: Fly out, F9 (Flyball, 9LM)
Batting: LHB Tural Bishara 0-0: Ball
1-0: Called Strike
1-1: DOUBLE (Line Drive, 78XD)
Batting: RHB Angus Watts 0-0: Ball
1-0: Foul Ball, location: 2F
1-1: Called Strike
1-2: Ball
2-2: Strikes out swinging
Top of the 9th over - 0 run(s), 1 hit(s), 0 error(s), 1 left on base; Put-In-Bay 3 - Mt. Vernon 0
BOTTOM OF THE 9TH
Mt. Vernon Bulls batting - Pitching for Put-In-Bay BC : RHP Gabriel Reyes
Batting: RHB Noël Sassetti 0-0: Called Strike
0-1: Fly out, F8 (Flyball, 8LM)
Batting: SHB Marvin Fitton 0-0: Called Strike
0-1: Ball
1-1: Swinging Strike
1-2: Strikes out swinging
Batting: LHB Alex Reid 0-0: Called Strike
0-1: Foul Ball, location: 2F
0-2: Fly out, F9 (Flyball, 9S)
Bottom of the 9th over - 0 run(s), 0 hit(s), 0 error(s), 0 left on base; Put-In-Bay 3 - Mt. Vernon 0
Friday, December 30th, 2016 - OOTP Baseball 17.12 Build 75